 Dungeon Crawl Stone Soup version 0.30-a0-279-g4b46babb21 (webtiles) character file.

Game seed: 12631667824464021365

262640 Morbidden the Severer (level 19, -29/167 HPs)
             Began as a Minotaur Fighter on Oct 16, 2022.
             Was the Champion of Cheibriados.
             Annihilated by a vault warden
             ... wielding a +2 bardiche
              (34 damage)
             ... on level 2 of the Vaults.
             The game lasted 01:00:47 (37795 turns).

Morbidden the Severer (Minotaur Fighter)           Turns: 37795, Time: 01:00:48

Health: -29/167    AC: 20    Str: 43    XL:     19   Next: 61%
Magic:  25/29      EV: 17    Int: 30    God:    Cheibriados [******]
Gold:   1331       SH: 24    Dex: 24    Spells: 17/32 levels left

rFire   + . .      SeeInvis .    a - +7 broad axe (elec)
rCold   . . .      Faith    .    G - +3 kite shield {rF+}
rNeg    . . .      Spirit   .    u - +1 plate armour {rF+}
rPois   +          Reflect  +    v - +1 hat of the Monkey {rElec}
rElec   +          Harm     .    g - +0 cloak
rCorr   .          Rampage  .    (no gloves)
Will    ++...                    O - +0 pair of boots of Tender Moments {Will+}
Stlth   ..........               W - amulet "Lops" {Reflect Regen+ SH+5}
HPRegen 1.27/turn                R - +6 ring of strength
MPRegen 0.21/turn                q - ring of Traps {rElec rPois rF- Slay+5 Stlth+}

@: frozen, studying Fire Magic, very slow
A: horns 2, retaliatory headbutt, claws 1, clever 1, sense surroundings 1
}: 1/15 runes: decaying
a: Renounce Religion, Bend Time, Temporal Distortion, Slouch, Step From Time


You were on level 2 of the Vaults.
You worshipped Cheibriados.
Cheibriados was exalted by your worship.
You visited 8 branches of the dungeon, and saw 33 of its levels.
You visited the Abyss 1 time.
You also visited: Desolation.

You collected 2422 gold pieces.
You spent 1091 gold pieces at shops.

Inventory:

Hand Weapons
 a - a +7 broad axe of electrocution (weapon)
 b - a +1 demon whip of venom
 f - the +4 war axe "Luips" {freeze, rC+ Str+2}
   (You found it on level 10 of the Dungeon)

   It freezes those it strikes, dealing additional cold damage.
   It can also slow down cold-blooded creatures.
   Str:       It affects your strength (+2).
   rC:        It protects you from cold.
Missiles
 c - 5 silver boomerangs
 l - 17 boomerangs (quivered)
 A - a throwing net
 C - 7 javelins
 X - 3 silver javelins
Armour
 g - a +0 cloak (worn)
 u - a +1 plate armour of fire resistance (worn)
 v - the +1 hat of the Monkey (worn) {rElec}
   (You acquired it on level 4 of the Lair of Beasts)

   rElec:     It insulates you from electricity.
 G - a +3 kite shield of fire resistance (worn)
 O - the +0 pair of boots of Tender Moments (worn) {Will+}
   (You bought it in a shop on level 8 of the Dungeon)

   Will:      It increases your willpower.
Jewellery
 h - a ring of ice
 q - the ring of Traps (right claw) {rElec rPois rF- Slay+5 Stlth+}
   (You found it in the Desolation of Salt)

   [ring of poison resistance]

   Slay:      It affects your accuracy & damage with ranged weapons and melee
   (+5).
   rF:        It makes you vulnerable to fire.
   rElec:     It insulates you from electricity.
   rPois:     It protects you from poison.
   Stlth:     It makes you more stealthy.
 r - a ring of see invisible
 t - a +6 ring of strength
 F - a +4 ring of protection
 K - a ring of magical power
 M - a ring of ice
 Q - a ring of protection from fire
 R - a +6 ring of strength (left claw)
 W - the amulet "Lops" (around neck) {Reflect Regen+ SH+5}
   (You took it off a servant of whispers in the Desolation of Salt)

   [amulet of reflection]

   It reflects blocked missile attacks.
   Regen:     It increases your rate of health regeneration.
   SH:        It affects your SH (+5).
Wands
 d - a wand of quicksilver (7)
 z - a wand of flame (54)
 H - a wand of polymorph (18)
 N - a wand of mindburst (19)
 V - a wand of iceblast (45)
 Y - a wand of paralysis (9)
Scrolls
 i - 2 scrolls of blinking
 n - 6 scrolls of poison
 p - 13 scrolls of teleportation
 y - 9 scrolls of enchant armour
 B - 6 scrolls of butterflies
 E - 4 scrolls of magic mapping
 S - 2 scrolls of fear
 T - 2 scrolls of summoning
Potions
 e - 6 potions of mutation
 j - a potion of invisibility
 k - 2 potions of magic
 m - 13 potions of curing
 o - 2 potions of berserk rage
 s - 4 potions of cancellation
 x - 4 potions of flight
 D - 3 potions of resistance
 I - 5 potions of brilliance
 J - a potion of might
 L - a potion of ambrosia
 P - 5 potions of haste
 U - 2 potions of heal wounds
Miscellaneous
 w - a box of beasts
 Z - a tin of tremorstones (2/2)


   Skills:
 * Level 14.2 Fighting
 * Level 18.2(19.0) Axes
 + Level 9.2(14.8) Maces & Flails
 + Level 1.4(12.0) Polearms
 + Level 7.4 Throwing
 * Level 12.5 Armour
 * Level 11.1 Dodging
 + Level 2.3 Stealth
 * Level 16.2 Shields
 * Level 7.4 Spellcasting
 * Level 7.9 Conjurations
 * Level 2.2 Translocations
 * Level 4.7 Fire Magic
 * Level 8.5 Earth Magic
 * Level 9.4 Invocations
 * Level 6.5 Evocations


You had 17 spell levels left.
You knew the following spells:

 Your Spells              Type           Power      Damage    Failure   Level
a - Stone Arrow           Conj/Erth      100%       3d13      2%          3
b - Sticky Flame          Conj/Fire      49%        2d7       21%         4
c - Manifold Assault      Tloc           24%        N/A       73%         4
z - Iskenderun's Mystic   Conj/Tloc      41%        2d9       34%         4

Your spell library contained the following spells:

 Spells                   Type           Power      Damage    Failure   Level
 Magic Dart               Conj           100%       1d8       1%          1
 Sandblast                Erth           100%       2d20      1%          1
 Shock                    Conj/Air       100%       1d9       5%          1
 Hailstorm                Conj/Ice       35%        3d9       16%         3
 Flame Wave               Conj/Fire      49%        2d12      21%         4
 Lee's Rapid Deconstruct  Erth           29%        3d16*     24%         5
 Beastly Appendage        Tmut           22%        N/A       28%         1
 Slow                     Hex            44%        N/A       28%         1
 Sting                    Tmut/Pois      44%        1d5       28%         1
 Mephitic Cloud           Conj/Pois/Air  27%        N/A       28%         3
 Gell's Gravitas          Tloc           24%        N/A       32%         3
 Inner Flame              Hex/Fire       25%        N/A       32%         3
 Kindle Blastsparks       Fire/Tloc/Air  50%        2d14      32%         3
 Lesser Beckoning         Tloc           48%        N/A       32%         3
 Teleport Other           Tloc           24%        N/A       32%         3
 Call Imp                 Summ           11%        N/A       38%         2
 Cigotuvi's Dreadful Rot  Necr/Pois/Air  22%        N/A       38%         2
 Poisonous Vapours        Pois/Air       22%        N/A       38%         2
 Sublimation of Blood     Necr           11%        N/A       38%         2
 Wereblood                Tmut           11%        N/A       38%         2
 Animate Armour           Summ/Erth      72%        N/A       43%         4
 Petrify                  Tmut/Erth      36%        N/A       43%         4
 Fulminant Prism          Conj/Hex       17%        3d11      47%         4
 Confusing Touch          Hex            11%        N/A       63%         3
 Frozen Ramparts          Ice            22%        1d4       63%         3
 Ozocubu's Armour         Ice            11%        N/A       63%         3
 Spider Form              Tmut/Pois      11%        N/A       63%         3
 Vampiric Draining        Necr           11%        2d6       63%         3
 Irradiate                Conj/Tmut      17%        3d17      83%         5
 Lightning Bolt           Conj/Air       17%        1d32      83%         5
 Anguish                  Hex/Necr       5%         N/A       95%         4
 Cause Fear               Hex            5%         N/A       95%         4
 Dispel Undead            Necr           11%        3d9       95%         4
 Ice Form                 Ice/Tmut       11%        N/A       95%         4
 Olgreb's Toxic Radiance  Pois           11%        N/A       95%         4
 Summon Ice Beast         Ice/Summ       11%        N/A       95%         4
 Blade Hands              Tmut           5%         N/A       100%        5
 Metabolic Englaciation   Hex/Ice        5%         N/A       100%        5
 Dispersal                Tloc           12%        N/A       100%        6
 Eringya's Noxious Bog    Tmut/Pois      5%         N/A       100%        6
 Simulacrum               Ice/Necr       5%         N/A       100%        6
 Statue Form              Tmut/Erth      24%        N/A       100%        6
 Enfeeble                 Hex            5%         N/A       100%        7
 Haunt                    Necr/Summ      5%         N/A       100%        7
 Malign Gateway           Summ/Tloc      8%         N/A       100%        7
 Ozocubu's Refrigeration  Ice            5%         4d8       100%        7
 Summon Hydra             Summ           5%         N/A       100%        7
 Discord                  Hex            5%         N/A       100%        8
 Disjunction              Tloc           12%        N/A       100%        8
 Ignition                 Fire           19%        3d7       100%        8
 Lehudib's Crystal Spear  Conj/Erth      28%        10d8      100%        8


Dungeon Overview and Level Annotations

Branches:
Dungeon (15/15)            Temple (1/1) D:7            Lair (5/5) D:10
  Swamp (4/4) Lair:2       Spider (2/4) Lair:3        Slime (0/5) Lair:4
    Orc (2/2) D:10            Elf (2/3) Orc:2        Vaults (2/5) D:14
  Crypt (0/3) Vaults:2     Depths (0/4) D:15        Desolation (visited)

Altars:
Ashenzari
Cheibriados
Dithmenos
Elyvilon
Fedhas
Gozag
Hepliaklqana
Kikubaaqudgha
Makhleb
Nemelex Xobeh
Okawaru
Qazlal
Ru
Sif Muna
Trog
Uskayaw
Vehumet
Wu Jian
Xom
Yredelemnul
Zin
The Shining One
Lugonu

Shops:
D:2 ((:(   D:6 [   D:7 *   D:8 [   D:14 ?   Orc:1 *   Orc:2 :[*!   Elf:2 ****

Portals:
Abyss: Lair:5
Trove: Elf:2 (give 5 scrolls of butterflies)

Annotations:
D:7 3 runed translucent doors, kerekes's ghost, novice DrVM
D:12 3 runed translucent doors, exclusions: door and orange crystal statue
Lair:1 exclusion: 2 oklob plants
Lair:4 exclusion: 2 oklob plants
Spider:1 Jorgrun
Elf:2 3 runed translucent doors
Vaults:1 6 runed translucent doors


Innate Abilities, Weirdness & Mutations

You have a pair of horns on your head.
You reflexively headbutt those who attack you in melee.
You have sharp fingernails.
Your mind is acute. (Int +4, Str/Dex -1)
You passively map a small area around you.


Message History

You slice the deep troll!! You hit the vault guard. You barely miss the wizard.
You block the deep troll's attack. x3; The wizard closely misses you.
The vault guard hits you with a +3 great mace.
* * * LOW HITPOINT WARNING * * *
The vault warden activates a sealing rune.
A door slams shut!
Unknown command.
You slice the wizard!!
You kill the wizard!
Cheibriados appreciates the change of pace.
You hit the deep troll. You hit the vault guard.
Lightning courses through the vault guard!
You kill the vault guard!
Cheibriados appreciates the change of pace.
The vault warden barely misses you. You block the deep troll's attack.
The deep troll claws you!
* * * LOW HITPOINT WARNING * * *
The deep troll barely misses you.
Your life force feels restored.
Unknown command.
You slice the deep troll!!
You kill the deep troll!
Cheibriados appreciates the change of pace.
You block the vault warden's attack.
Unknown command.
Unknown command.
You hit the ironbound frostheart.
Lightning courses through the ironbound frostheart!
You headbutt the ironbound frostheart.
The ironbound frostheart is moderately wounded.
Unknown command.
You barely miss the ironbound frostheart.
You headbutt the ironbound frostheart, but do no damage.
The ironbound frostheart is moderately wounded.
The ironbound frostheart calls freezing cold from the walls.
The frost grips you!!
* * * LOW HITPOINT WARNING * * *
You are encased in ice.
The vault warden hits you from afar with a +2 bardiche!!
You die...

..........................#
, ,
.........................##
*
#######+##############..##.
* ...........#
#########..#.. .#...#...#.#
#~~...~~#..##. ...........#
#~~...~~#...## ...#...#p..#
#.......'....# .........))#
#.......#..... .#...>...#@#
#.......#..... *
........p)# #~~...~~#.....
* ..#...#...#
#~~...~~#..... ,..........#
#########..... ...#...#.#
#..... .........# #.....
#####+#### *#..### * , ,
*#..### * , *#..##.


You could see a vault warden and an ironbound frostheart (strong).

Vanquished Creatures
  Arachne (Spider:2)
  The ghost of Wenn the Imperceptible, a veteran SpEn of Dithmenos (Vaults:1)
  A Hell Sentinel (Abyss:2)
  A sphinx (Vaults:1)
  2 tentacled starspawn (Abyss:2)
  Kirke (Spider:1)
  A thorn hunter (Swamp:2)
  Agnes (D:15)
  Roxanne (Spider:1)
  3 fenstrider witches (Swamp:3)
  An imperial myrmidon (Desolation)
  Aizul (Elf:2)
  A deep elf sorcerer (Elf:1)
  5 vault wardens
  2 orc warlords
  A ghost moth (Spider:1)
  3 ironbound preservers
  A stone giant (D:15)
  3 ironbound thunderhulks (Vaults:1)
  3 halazid warlocks (Desolation)
  4 eleionomae
  3 dire elephants (Vaults:1)
  2 bunyips
  2 ettins
  A jiangshi (Vaults:2)
  2 entropy weavers
  2 crystal guardians (Desolation)
  A deep elf high priest (Vaults:2)
  2 yaktaur captains
  5 ragged hierophants (Desolation)
  2 shambling mangroves
  A spriggan air mage (Swamp:3)
  3 fire dragons (Swamp:4)
  4 servants of whispers (Desolation)
  19 hydras
  3 ghost crabs
  Erica (D:9)
  2 peacekeepers (Desolation)
  8 vault guards
  11 centaur warriors
  A catoblepas (D:15)
  A jorogumo (Spider:1)
  4 ironbound frosthearts
  An ogre mage (D:15)
  10 two-headed ogres
  3 boulder beetles
  9 dancing weapons
  A vampire mage (Vaults:2)
  10 alligators
  A death yak (D:10)
  2 thrashing horrors (Lair:5)
  6 tengu warriors
  2 wretched stars (Abyss:2)
  4 orc high priests (Orc:2)
  7 deep elf knights
  A fire crab (Swamp:4)
  2 sixfirhies (Abyss:2)
  2 pharaoh ants
  5 goliath frogs
  An anaconda zombie (Abyss:2)
  Amaemon (D:10)
  A glowing orange brain (Abyss:2)
  7 spriggan druids
  3 wizards
  5 lindwurms
  9 deep trolls
  An orb spider (Spider:2)
  A steelbarb worm (Spider:2)
  8 swamp dragons
  6 orc knights
  6 bog bodies
  3 deep elf archers (Elf:2)
  20 deep elf pyromancers
  8 ironbound convokers
  6 wolf spiders
  5 orc sorcerers (Orc:2)
  13 deep elf zephyrmancers
  4 manticores
  13 cyclopes
  4 ugly things
  A will-o-the-wisp (Swamp:3)
  4 worldbinders (Abyss:2)
  A moth of wrath (shapeshifter) (Lair:5)
  Maurice (D:10)
  32 elephants
  Joseph (D:7)
  6 vault sentinels
  8 black mambas
  11 cane toads
  An orange demon (D:10)
  4 gargoyles
  2 torpor snails (Spider:1)
  2 unseen horrors
  2 molten gargoyles (Swamp:4)
  2 yaktaurs (D:14)
  An efreet (Abyss:2)
  A rime drake (Lair:5)
  A hellion (Abyss:2)
  A rime drake (shapeshifter) (Lair:5)
  A yaktaur (shapeshifter) (Lair:5)
  9 komodo dragons
  6 tengu conjurers
  5 ancient zymes
  A hellwing (Abyss:2)
  5 trolls
  7 tyrant leeches
  A queen bee (shapeshifter) (D:14)
  5 polar bears
  3 meliai (Spider:1)
  Prince Ribbit (D:7)
  8 hornets
  A tarantella (shapeshifter) (D:13)
  26 saltlings (Desolation)
  6 tarantellas
  5 dream sheep (Lair:5)
  8 raiju (Abyss:2)
  51 blink frogs
  A black mamba zombie (Abyss:2)
  19 slime creatures
  16 jumping spiders
  2 shadows (D:12)
  A water elemental (Elf:2)
  3 air elementals
  10 culicivoras
  4 ynoxinuls
  10 spriggans
  5 starcursed masses (Abyss:2)
  A culicivora (shapeshifter) (Lair:5)
  5 wraiths
  A vampire (D:14)
  6 wyverns
  71 yaks
  8 basilisks
  2 fire elementals (Elf:1)
  4 steam dragons
  5 hogs (Spider:1)
  13 redbacks
  18 vampire mosquitoes
  A chaos spawn (Abyss:2)
  Menkaure (D:5)
  10 large abominations
  3 wargs
  18 swamp worms
  20 water moccasins
  A harpy simulacrum (Abyss:2)
  5 acid dragons
  A floating eye (shapeshifter) (Elf:1)
  8 swamp drakes
  40 orc warriors
  3 black bears
  An ice beast (D:8)
  A sky beast (D:6)
  20 small abominations
  4 centaurs
  12 wolves (Lair:2)
  9 boggarts (Vaults:1)
  18 ogres
  2 kobold brigands
  9 bullfrogs
  2 necrophages
  An earth elemental (Elf:1)
  4 gnoll sergeants
  2 scorpions
  11 wights
  5 killer bees (D:10)
  7 howler monkeys
  A lava snake (Lair:4)
  A quasit (Abyss:2)
  2 jellies
  33 orc priests
  2 gnoll boudas
  An iguana (D:6)
  23 orc wizards
  A mummy (D:7)
  Robin (D:4)
  9 adders
  26 gnolls
  3 shadow imps
  A white imp (D:4)
  An ufetubus (D:6)
  3 dart slugs
  124 orcs
  6 ball pythons
  7 endoplasms
  2 giant cockroaches
  11 goblins
  8 hobgoblins
  11 jackals
  2 quokkas
  5 bats
  A frilled lizard (D:1)
  18 kobolds
  3 rats
  A bush (Lair:4)
  A pillar of salt (Desolation)
  A starspawn tentacle (Abyss:2)
1273 creatures vanquished.

Vanquished Creatures (collateral kills)
  A swamp worm (Swamp:4)
1 creature vanquished.

Vanquished Creatures (others)
  2 bloated husks
  A saltling (Desolation)
  A jumping spider (Spider:2)
  A spriggan (Swamp:1)
  A steam dragon (Swamp:4)
  2 swamp drakes (Swamp:4)
  6 foxfires (Swamp:3)
  50 fungi
  2 pillars of salt (Desolation)
  35 plants
  3 starspawn tentacles (Abyss:2)
  A withered plant (Desolation)
105 creatures vanquished.

Grand Total: 1379 creatures vanquished

Notes
Turn   | Place    | Note
-------+----------+-------------------------------------------
     0 | D:1      | Morbidden the Minotaur Fighter began the quest for the Orb.
     0 | D:1      | Reached XP level 1. HP: 19/19 MP: 0/0
   208 | D:1      | Reached XP level 2. HP: 27/27 MP: 1/1
   564 | D:1      | Reached XP level 3. HP: 33/33 MP: 2/2
   676 | D:2      | Found Vohos's Book Shop.
   850 | D:2      | Reached skill level 3 in Axes
   930 | D:2      | Reached XP level 4. HP: 40/40 MP: 2/4
   937 | D:2      | Found Qitets's Weapon Emporium.
  1173 | D:2      | Found Ziox's Weapon Emporium.
  1176 | D:2      | Found Ciept's Weapon Shop.
  1323 | D:3      | Reached skill level 1 in Dodging
  1610 | D:3      | Learned a level 3 spell: Stone Arrow
  1628 | D:3      | Reached skill level 1 in Spellcasting
  1879 | D:3      | Identified the +10 scale mail of the Lizard {-Tele rPois
                  | Int+7}
  1933 | D:3      | Reached XP level 5. HP: 38/47 MP: 5/5
  2244 | D:4      | Found a shadowy altar of Dithmenos.
  2399 | D:4      | Noticed an orc warrior
  2446 | D:4      | Gained mutation: Your mind is acute. (Int +4, Str/Dex -1)
                  | [potion of mutation]
  2446 | D:4      | Gained mutation: You have sharp fingernails. [potion of
                  | mutation]
  2446 | D:4      | Gained mutation: You passively map a small area around you.
                  | [potion of mutation]
  2448 | D:4      | Reached skill level 4 in Axes
  2454 | D:4      | Killed an orc warrior
  2455 | D:4      | Reached XP level 6. HP: 40/53 MP: 6/6
  2537 | D:4      | Noticed Robin
  2540 | D:4      | Reached skill level 5 in Armour
  2550 | D:4      | Killed Robin
  2986 | D:5      | Entered Level 5 of the Dungeon
  3365 | D:5      | Noticed Menkaure
  3370 | D:5      | Killed Menkaure
  3371 | D:5      | Reached skill level 5 in Fighting
  3371 | D:5      | Reached skill level 5 in Axes
  3371 | D:5      | Reached XP level 7. HP: 61/61 MP: 6/8
  3501 | D:5      | Reached skill level 1 in Conjurations
  3501 | D:5      | Reached skill level 1 in Earth Magic
  3506 | D:5      | Found a stormy altar of Qazlal.
  3751 | D:5      | Reached skill level 1 in Stealth
  3905 | D:6      | Reached skill level 1 in Throwing
  3977 | D:6      | Reached skill level 6 in Axes
  3977 | D:6      | Reached XP level 8. HP: 64/70 MP: 9/9
  4052 | D:6      | Reached skill level 1 in Maces & Flails
  4308 | D:6      | Found Solelint's Antique Armour Shoppe.
  4315 | D:6      | Bought a shiny kite shield for 165 gold pieces
  4357 | D:6      | Reached skill level 5 in Shields
  4411 | D:6      | Identified the +1 chain mail of Ovyatt {Rampage Int+3}
  4570 | D:7      | Found a staircase to the Ecumenical Temple.
  4598 | D:7      | Reached skill level 7 in Axes
  4622 | Temple   | Entered the Ecumenical Temple
  4928 | D:7      | Reached XP level 9. HP: 54/75 MP: 11/11
  5000 | D:7      | Found Ylawod's Assorted Antiques.
  5008 | D:7      | Bought a scroll labelled MOBONKOCAC for 32 gold pieces
  5164 | D:7      | Noticed Joseph
  5175 | D:7      | Killed Joseph
  5344 | D:7      | Noticed a two-headed ogre
  5345 | D:7      | Noticed Prince Ribbit
  5441 | D:7      | Found a runed translucent gate.
  5441 | D:7      | Found a runed translucent gate.
  5441 | D:7      | Found a runed translucent gate.
  5656 | D:7      | Killed a two-headed ogre
  5736 | D:7      | Killed Prince Ribbit
  5766 | D:7      | Found a snail-covered altar of Cheibriados.
  5831 | D:7      | Reached skill level 5 in Dodging
  5878 | D:7      | Became a worshipper of Cheibriados the Contemplative
  5932 | D:7      | Noticed a gargoyle
  5940 | D:7      | Killed a gargoyle
  6101 | D:7      | Noticed kerekes's ghost (novice DrVM)
  6108 | D:7      | Reached skill level 8 in Axes
  6252 | D:8      | Reached XP level 10. HP: 86/86 MP: 13/13
  6458 | D:8      | Reached * piety under Cheibriados
  6459 | D:8      | Found Ponola's Antique Armour Shop.
  6606 | D:8      | Reached skill level 1 in Invocations
  7057 | D:9      | Reached ** piety under Cheibriados
  7072 | D:9      | Reached skill level 5 in Maces & Flails
  7215 | D:9      | Noticed Erica
  7252 | D:9      | Killed Erica
  7514 | D:9      | Reached XP level 11. HP: 77/92 MP: 12/15
  8118 | D:8      | Bought a pair of slimy boots for 294 gold pieces
  8118 | D:8      | Identified the +0 pair of boots of Tender Moments {Will+}
                  | (You bought it in a shop on level 8 of the Dungeon)
  8198 | D:10     | Entered Level 10 of the Dungeon
  8259 | D:10     | Reached *** piety under Cheibriados
  8313 | D:10     | Noticed a death yak
  8370 | D:10     | Killed a death yak
  8399 | D:10     | Found a staircase to the Lair.
  8403 | D:10     | Noticed a two-headed ogre
  8412 | D:10     | Killed a two-headed ogre
  8413 | D:10     | Reached skill level 1 in Polearms
  8418 | D:10     | Identified the +4 war axe "Luips" {freeze, rC+ Str+2}
  8602 | D:10     | Reached skill level 9 in Axes
  8719 | D:10     | Found a staircase to the Orcish Mines.
  8719 | D:10     | Noticed Maurice
  8732 | D:10     | Killed Maurice
  8808 | D:10     | Noticed Amaemon
  8816 | D:10     | Killed Amaemon
  8817 | D:10     | Reached skill level 5 in Throwing
  8897 | D:10     | Found a glowing golden altar of the Shining One.
  8920 | D:10     | Found a white marble altar of Elyvilon.
  9348 | D:11     | Noticed a tengu warrior
  9359 | D:11     | Killed a tengu warrior
  9363 | D:11     | Reached skill level 10 in Axes
  9482 | D:11     | Reached **** piety under Cheibriados
  9491 | D:11     | Reached XP level 12. HP: 82/102 MP: 13/16
  9917 | D:12     | Noticed a two-headed ogre
  9923 | D:12     | Killed a two-headed ogre
 10081 | D:12     | Found a runed translucent door.
 10139 | D:12     | Found a runed translucent door.
 10157 | D:12     | Found a runed translucent door.
 10238 | D:12     | Found a runed translucent door.
 10393 | D:12     | Reached ***** piety under Cheibriados
 10399 | D:12     | Reached skill level 11 in Axes
 10805 | Lair:1   | Entered Level 1 of the Lair of Beasts
 11430 | Lair:1   | Reached skill level 10 in Shields
 11741 | Lair:2   | Found a shimmering altar of Xom.
 11849 | Lair:2   | Reached XP level 13. HP: 99/110 MP: 15/18
 11915 | Lair:2   | Reached skill level 5 in Earth Magic
 12048 | Lair:2   | Reached skill level 5 in Invocations
 12087 | Lair:2   | Reached ****** piety under Cheibriados
 12102 | Lair:2   | Found a staircase to the Swamp.
 12366 | Lair:2   | Reached skill level 12 in Axes
 12835 | Lair:3   | Found a hole to the Spider Nest.
 13096 | Lair:3   | Reached skill level 5 in Conjurations
 13376 | Lair:3   | Reached skill level 14 in Axes
 13376 | Lair:3   | Reached XP level 14. HP: 118/118 MP: 20/20
 14041 | Lair:4   | Found a shadowy altar of Dithmenos.
 14169 | Lair:4   | Reached skill level 10 in Fighting
 14283 | Lair:4   | Identified a scroll of acquirement
 14284 | Lair:4   | Acquired the +1 hat of the Monkey {rElec}
 14389 | Lair:4   | Reached XP level 15. HP: 125/126 MP: 21/21
 14537 | Lair:4   | Found a staircase to the Slime Pits.
 14583 | Lair:4   | Reached skill level 5 in Spellcasting
 15176 | Lair:5   | Entered Level 5 of the Lair of Beasts
 15604 | Lair:5   | Found a corrupted altar of Lugonu.
 15604 | Lair:5   | Found a one-way gate to the infinite horrors of the Abyss.
 15704 | Lair:5   | Reached skill level 15 in Axes
 15867 | Lair:5   | Reached skill level 10 in Armour
 16856 | Lair:5   | Reached skill level 1 in Evocations
 18090 | D:14     | Found Tulawn's Magic Scroll Shop.
 18466 | D:14     | Identified the +4 falchion "Vyti" {freeze, rC+}
 18489 | D:14     | Identified the +1 pair of gloves of Conscience {Harm Drain
                  | rN+}
 18981 | D:15     | Entered Level 15 of the Dungeon
 19175 | D:15     | Reached XP level 16. HP: 89/137 MP: 14/23
 19386 | D:15     | Noticed Agnes
 19394 | D:15     | Killed Agnes
 20000 | D:15     | Found a staircase to the Depths.
 20217 | Orc:1    | Entered Level 1 of the Orcish Mines
 20225 | Orc:1    | Found Vac Viej's Assorted Antiques.
 20379 | Orc:2    | Entered Level 2 of the Orcish Mines
 21094 | Orc:2    | Identified the +5 dagger "Uqasm" {vamp, Str+5}
 21571 | Orc:2    | Found Gapn's General Store.
 21587 | Orc:2    | Found Qachukh's Distillery.
 21609 | Orc:2    | Bought a potion of heal wounds for 80 gold pieces
 22046 | Orc:2    | Found Ythem's Book Shop.
 22138 | Orc:2    | Found Jauril's Antique Armour Boutique.
 22427 | Orc:2    | Found a staircase to the Elven Halls.
 22917 | Swamp:1  | Entered Level 1 of the Swamp
 22928 | Swamp:1  | Reached skill level 16 in Axes
 23912 | Swamp:1  | Learned a level 4 spell: Sticky Flame
 23927 | Swamp:2  | You fall into a shaft and drop 1 floor!
 24340 | Swamp:2  | Noticed a thorn hunter
 24348 | Swamp:2  | Killed a thorn hunter
 24742 | Swamp:2  | Reached skill level 1 in Fire Magic
 24754 | Swamp:2  | Reached XP level 17. HP: 73/146 MP: 13/25
 25703 | Swamp:3  | Paralysed by a fenstrider witch for 5 turns
 26797 | Swamp:4  | Entered Level 4 of the Swamp
 28312 | Swamp:4  | Got a decaying rune of Zot
 28618 | Spider:1 | Entered Level 1 of the Spider Nest
 28666 | Spider:1 | Identified Roxanne's Compilation of Permutations
 28666 | Spider:1 | Noticed Roxanne
 28697 | Spider:1 | Killed Roxanne
 28972 | Spider:1 | Reached skill level 10 in Dodging
 29463 | Spider:1 | Noticed Kirke
 29477 | Spider:1 | Killed Kirke
 29685 | Spider:1 | Reached skill level 5 in Evocations
 29953 | Spider:2 | Noticed Jorgrun
 30537 | Spider:2 | Noticed Arachne
 30558 | Spider:2 | Killed Arachne
 31548 | Elf:1    | Entered Level 1 of the Elven Halls
 31684 | Elf:1    | Reached XP level 18. HP: 128/154 MP: 21/27
 31698 | Elf:1    | Reached skill level 15 in Shields
 31836 | Abyss:2  | Cast into level 2 of the Abyss (a deep elf sorcerer)
 32286 | Abyss:2  | Noticed a Hell Sentinel
 32315 | Abyss:2  | Killed a Hell Sentinel
 32660 | Abyss:2  | Noticed a lich
 32777 | Elf:1    | Escaped the Abyss
 32779 | Elf:1    | Reached skill level 17 in Axes
 32792 | Elf:1    | Got the Omnibus of Blasts and Apparitions
 33339 | Elf:1    | Paralysed by an air elemental for 1 turns
 33641 | Elf:2    | Found Ongoh's Assorted Antiques.
 33644 | Elf:2    | Bought a tiny sapphire amulet for 160 gold pieces
 33644 | Elf:2    | Found Haxt's Assorted Antiques.
 33709 | Elf:2    | Found an ancient bone altar of Kikubaaqudgha.
 33718 | Elf:2    | Found Paifuosch's Assorted Antiques.
 33751 | Elf:2    | Found Gium Kixkene's General Store.
 33754 | Elf:2    | Paralysed by an air elemental for 1 turns
 33811 | Elf:2    | Found a crumbling gateway.
 33821 | Desolati | Entered the Desolation of Salt
 34308 | Desolati | Identified the ring of Traps {rElec rPois rF- Slay+5
                  | Stlth+}
 34326 | Desolati | Got the Meditations on Transmutation
 34332 | Desolati | Learned a level 4 spell: Iskenderun's Mystic Blast
 34337 | Desolati | Learned a level 4 spell: Manifold Assault
 34370 | Desolati | Identified the +0 robe "Kekeninn" {Int+4}
 34373 | Desolati | Identified the amulet of the Middle {Reflect rC- rCorr
                  | Str+6 SH+5 SInv}
 34523 | Desolati | Identified the +7 flail of Guilt {antimagic, Int+2 Stlth+}
 34574 | Desolati | Identified the +12 long sword of Breach {flame, rN+++}
 34780 | Desolati | Identified the amulet "Lops" {Reflect Regen+ SH+5}
 34976 | Desolati | Got the Lessons on Chthonic Bewitchment
 35237 | Elf:2    | Reached skill level 1 in Translocations
 35359 | Elf:2    | Noticed Aizul
 35368 | Elf:2    | Killed Aizul
 35459 | Elf:2    | Found a runed translucent gate.
 35459 | Elf:2    | Found a runed translucent gate.
 35459 | Elf:2    | Found a runed translucent gate.
 35630 | Elf:2    | Found a portal to a secret trove of treasure.
 36171 | D:14     | Found a gate to the Vaults.
 36221 | D:14     | Bought a scroll of magic mapping for 120 gold pieces
 36221 | D:14     | Bought a scroll of enchant weapon for 120 gold pieces
 36221 | D:14     | Bought a scroll of enchant weapon for 120 gold pieces
 36257 | Vaults:1 | Entered Level 1 of the Vaults
 36343 | Vaults:1 | Reached XP level 19. HP: 66/166 MP: 28/28
 36438 | Vaults:1 | Got Juphoal's Compendium of Left-Handed Liturgies
 36786 | Vaults:1 | Found a large runed translucent door.
 36786 | Vaults:1 | Found a large runed translucent door.
 36787 | Vaults:1 | Found a large runed translucent door.
 36787 | Vaults:1 | Found a large runed translucent door.
 36787 | Vaults:1 | Found a large runed translucent door.
 36787 | Vaults:1 | Found a large runed translucent door.
 36787 | Vaults:1 | Found a large runed translucent door.
 36787 | Vaults:1 | Found a large runed translucent door.
 36787 | Vaults:1 | Noticed Wenn's ghost (veteran SpEn)
 37105 | Vaults:1 | Reached skill level 18 in Axes
 37363 | Vaults:1 | Killed Wenn's ghost
 37372 | Vaults:1 | Identified the amulet of Beogh's Whim {RegenMP rElec rC+
                  | Will+ Stlth-}
 37776 | Vaults:2 | Found a staircase to the Crypt.
 37795 | Vaults:2 | HP: 5/167 [ironbound frostheart/creeping frost (29)]
 37795 | Vaults:2 | Annihilated by a vault warden

Illustrated notes

Levels and vault maps discovered:
D:1:      amcnicky_arrival_wind_blow, layout_basic, serial_forest,
          infiniplex_forest_lined_corner, infiniplex_forest_clump_tiny,
          infiniplex_forest_lined_corner, infiniplex_forest_clump_medium,
          infiniplex_forest_straight_5, infiniplex_forest_corner_2,
          grunt_decor_arrowhead, minmay_tromino_i4
D:2:      layout_rooms, serial_shops, nicolae_shop_statue_plus,
          nicolae_shop_bloodbath_and_beyond, shop, shop
D:3:      wander_river, layout_basic, serial_aquarium, aquarium_bridge_square
          [aquarium_subvault_window, aquarium_subvault_wall,
          aquarium_subvault_bridge, aquarium_subvault_wall],
          aquarium_bridge_square [aquarium_subvault_bridge,
          aquarium_subvault_bridge, aquarium_subvault_wall,
          aquarium_subvault_bridge], aquarium_window_corridor_2,
          aquarium_window_1, aquarium_view_2e
D:4:      layout_cave_pools, nicolae_dithmenos_shadow_blocks, uniq_robin
D:5:      layout_basic, kennysheep_diamond, uniq_menkaure
D:6:      layout_loops_ring, serial_shops, shop
D:7:      layout_loops_ring, chei_slow_surprise, minmay_temple_entry_large_hall,
          gammafunk_ghost_necromancy, serial_shops, nicolae_shop_waterfront,
          uniq_joseph, uniq_prince_ribbit1
D:8:      layout_cave_pools, serial_shops, nicolae_shop_window_shopping,
          small_chamber_with_monster
D:9:      layout_roguey, uniq_erica
D:10:     layout_basic, mainiacjoe_overflow_alcove_1,
          mainiacjoe_overflow_alcove_4, david_lair_generic, orc_0_dummy,
          minmay_misc_feat_pillars, uniq_maurice, uniq_amaemon
D:11:     layout_cave_pods, serial_park, serial_park_paths
          [serial_park_minivault_5x5_3], serial_park_avenue1, serial_park_tiny_2
D:12:     layout_rooms, minmay_statue_crystal_thing
D:13:     layout_long_grid
D:14:     layout_big_octagon, grunt_vaults_entry_fortified,
          hangedman_decor_lopped, minmay_shop_grid_forest, grunt_potential
D:15:     grunt_enter_depths_snipers, layout_irregular_city,
          serial_park_avenue1, minmay_misc_feat_enclosed, uniq_agnes
Temple:   eino_narrow_crystal_temple
Lair:1:   minmay_lair_oklob_chamber, layout_loops_ring,
          grunt_forest_small_clearing_treed, infiniplex_staircase_pool_2
Lair:2:   layout_regular_city, swamp_mist, basic_altar, beast_lair_carwin_6,
          grunt_megastairs_1, lemuel_fruit_tree
Lair:3:   layout_roguey, spider_nest_entry_webs
Lair:4:   layout_gridlike, minmay_slime_entry_oklob_open, basic_altar,
          chequers_serial_rivers_small_a
Lair:5:   hellmonk_lair_end_abyssal_woods, layout_layer_cave
Swamp:1:  layout_basic_swamp, nicolae_swamp_big_swirl
Swamp:2:  layout_basic_swamp, serial_swamp_ruin, evilmike_swamp_ruin_house_5,
          hangedman_swamp_ruin_wall, infiniplex_staircase_pool
Swamp:3:  layout_basic_swamp, evilmike_swamp_ruin_rubble_1
Swamp:4:  swamp_fiery, layout_basic_swamp, swamp_pool1
Spider:1: layout_spider_delve, uniq_kirke, uniq_roxanne
Spider:2: layout_spider_delve, uniq_jorgrun, uniq_arachne
Orc:1:    layout_caves, basic_altar, serial_shops, shop,
          hellmonk_bongcloud_opening, mines1_david
Orc:2:    pubby_orc_utopia
Elf:1:    minmay_elf_arrival_circle, layout_loops_corners, minmay_elf_sorcery
Elf:2:    nicolae_elf_blades_splatter_lattice
          [nicolae_blade_entry_hurt_lockers], layout_loops_cross, basic_altar,
          portal_desolation_entry_nicolae_menacing_earthworks, serial_shops,
          shop_statue, nicolae_stop_n_shop_2, nicolae_diamond_shop,
          nicolae_stop_n_shop_1, nicolae_trove_entry_diagonal, uniq_aizul
Vaults:1: advil_vaults_ghost_lines, v_misc_22, ontoclasm_vaults_bender,
          nicolae_vaults_asterisk, vaults_room_grid,
          nicolae_vaults_border_crossing, v_pattern_1,
          nicolae_vaults_diagonal_hallway_8, grunt_vaults_bifocal, v_misc_22,
          hangedman_vaults_capsules, nicolae_vaults_ring_of_whatevers,
          layout_vaults_ring
Vaults:2: nicolae_vaults_sealed_display, nicolae_vaults_bisected_slash,
          minmay_crypt_entry_simple_sparse, v_rooms_4, v_alt_pattern_2,
          vaults_mumra_minichess, vaults_room_fancy_cross,
          hangedman_vaults_stagger, grunt_vaults_funnel,
          dpeg_vaults_pockets_of_resistance, ontoclasm_vaults_loading_screen,
          vaults_room_pools, ontoclasm_vaults_pinch, layout_vaults_omnicross,
          serial_shops, nicolae_shop_behind_doors, uniq_zenata

Skill      XL: |  1  2  3  4  5  6  7  8  9 10 11 12 13 14 15 16 17 18 19 |
---------------+----------------------------------------------------------+-----
Fighting       | 4 5 6 7 8 9 10 11 12 13 14 | 14.2
Armour         | 4 5 6 7 8 9 10 11 12 | 12.5
Axes           | 3 4 5 6 7 8 10 11 14 15 16 17 18 | 18.2
Shields        | 4 5 6 7 9 10 11 12 13 14 15 16 | 16.2
Dodging        | 1 2 3 4 5 6 7 8 9 10 11 | 11.1
Spellcasting   | 1 2 3 4 5 6 7 |  7.4
Conjurations   | 1 2 3 4 5 6 7 |  7.9
Earth Magic    | 1 2 3 4 5 6 7 8 |  8.5
Stealth        | 1 2 |  2.3
Throwing       | 1 2 3 4 5 6 7 |  7.4
Maces & Flails | 2 4 5 6 7 8 9 |  9.2
Invocations    | 2 3 4 5 6 7 8 9 |  9.4
Polearms       | 1 |  1.4
Evocations     | 2 3 5 6 |  6.5
Fire Magic     | 1 2 3 4 |  4.7
Translocations | 1 2 |  2.2

Action                   |  1- 3 |  4- 6 |  7- 9 | 10-12 | 13-15 | 16-18 | 19-21 || total
-------------------------+-------+-------+-------+-------+-------+-------+-------++-------
Melee: War axe           |    60 |   134 |    69 |   284 |   201 |   848 |       ||  1596
       Headbutt          |     6 |    20 |    32 |   127 |   204 |   343 |    69 ||   801
       Morningstar       |       |     6 |   149 |   194 |       |       |       ||   349
       Trident           |       |       |       |    78 |       |       |       ||    78
       Demon whip        |       |       |       |    53 |   525 |   207 |       ||   785
       Broad axe         |       |       |       |       |       |   258 |   198 ||   456
Throw: Dart              |       |       |     5 |       |       |       |       ||     5
       Boomerang         |       |       |     4 |    13 |    10 |    73 |     3 ||   103
       Javelin           |       |       |     4 |       |       |       |       ||     4
       Throwing net      |       |       |     1 |       |       |       |       ||     1
 Cast: Stone Arrow       |       |       |       |     7 |    13 |    69 |     2 ||    91
       Sticky Flame      |       |       |       |       |       |     7 |       ||     7
Invok: Slouch            |       |       |       |       |       |     8 |     2 ||    10
       Step From Time    |       |       |       |       |       |     1 |       ||     1
Evoke: Wand              |       |     5 |       |     1 |       |     2 |       ||     8
       Box of beasts     |       |       |       |       |       |     3 |       ||     3
       Tin of tremorston |       |       |       |       |       |     3 |       ||     3
  Use: Potion            |       |     3 |       |     3 |     1 |    10 |       ||    17
       Scroll            |       |     2 |     3 |     9 |     8 |    11 |       ||    33
 Stab: Confused          |       |       |       |       |       |     1 |       ||     1
       Distracted        |       |       |       |       |       |     3 |       ||     3
       Sleeping          |       |       |       |       |       |     1 |       ||     1
Armor: Scale mail        |    26 |   102 |   118 |   286 |   227 |   436 |       ||  1195
       Skin              |       |       |       |    30 |       |       |       ||    30
       Plate armour      |       |       |       |       |       |    18 |    39 ||    57
Dodge: Dodged            |    38 |    68 |   114 |   287 |   341 |   712 |    44 ||  1604
Block: Buckler           |    17 |    33 |    11 |       |       |       |       ||    61
       Kite shield       |       |       |    83 |   457 |   622 |  1147 |   167 ||  2476
       Reflection        |       |       |       |       |       |    23 |     7 ||    30

Table legend: (Time is in decaauts)
 A = Elapsed time spent in this place.
 B = Non-inter-level travel time spent in this place.
 C = Inter-level travel time spent in this place.
 D = Time resting spent in this place.
 E = Time spent auto-exploring this place.
 F = Levels seen in this place.
 G = Mean time per level.
                   A        B        C        D        E       F      G
               +--------+--------+--------+--------+--------+-----+--------+
         Total |  53886 |  49841 |   4045 |   4006 |  37126 |  36 | 1496.8 |
       Dungeon |  18131 |  16206 |   1925 |    491 |  12412 |  15 | 1208.7 |
        Temple |    238 |    225 |     13 |      0 |    214 |   1 |  238.0 |
          Lair |  10685 |   9864 |    821 |      4 |   8426 |   5 | 2137.0 |
         Swamp |   7506 |   7181 |    325 |   2007 |   4202 |   4 | 1876.5 |
   Spider Nest |   4020 |   3792 |    228 |    367 |   3014 |   2 | 2010.0 |
  Orcish Mines |   4396 |   3936 |    460 |     56 |   3238 |   2 | 2198.0 |
   Elven Halls |   3517 |   3301 |    216 |      0 |   2634 |   2 | 1758.5 |
        Vaults |   2477 |   2423 |     54 |      0 |   2064 |   2 | 1238.5 |
         Abyss |   1213 |   1213 |      0 |    458 |    268 |   2 |  606.5 |
    Desolation |   1699 |   1699 |      0 |    622 |    653 |   1 | 1699.0 |
               +--------+--------+--------+--------+--------+-----+--------+

Top non-repeatable levels by time:
   Orc:2: 3187 daAuts
  Lair:5: 3117 daAuts
 Swamp:3: 2475 daAuts
Spider:1: 2439 daAuts
  Lair:4: 2325 daAuts
   Elf:1: 1975 daAuts
 Swamp:2: 1951 daAuts
    D:14: 1935 daAuts
  Lair:2: 1911 daAuts
Vaults:1: 1867 daAuts
     D:9: 1794 daAuts
  Lair:3: 1723 daAuts
Desolation: 1699 daAuts
    D:10: 1686 daAuts
 Swamp:4: 1644 daAuts
